[Event "ICC Open 2015"]
[Site "Internet Chess Club"]
[Date "2015.05.30"]
[Round "5"]
[White "Sibelephant"]
[Black "Linkmus"]
[Result "1/2-1/2"]
[ICCResult "Game drawn by mutual agreement"]
[WhiteElo "3153"]
[BlackElo "2737"]
[Opening "Queen's pawn game, Darooha variation "]
[ECO "D11"]
[NIC "QP.08"]
[Time "14:49:23"]
[TimeControl "180+0"]

1. d4 d5 2. Nf3 Nf6 3. c4 c6 4. g3 Bg4 5. Ne5 Bf5 6. Nc3 e6 7. Qb3 Qb6 8. c5
Qc7 9. Bf4 Qc8 10. Bg2 Nbd7 11. Rc1 Be7 12. O-O O-O 13. Nf3 h6 14. Qa4 Bh7
15. b4 a6 16. Nd2 Re8 17. Rfe1 Nh5 18. Be3 e5 19. Bh3 exd4 20. Bxd4 Qc7 21.
Nf3 Bf6 22. Qd1 Bxd4 23. Qxd4 Nhf6 24. Nd2 Ne5 25. a4 Rad8 26. b5 axb5 27.
axb5 Bg6 28. Ra1 Qe7 29. b6 Nfd7 30. Nb3 Nc4 31. Bg2 Nf6 32. e4 Qe5 33. Qxe5
Rxe5 34. exd5 Rxe1+ 35. Rxe1 cxd5 36. Nd4 Nd7 37. c6 Ndxb6 38. cxb7 Rb8 39.
Re7 Nd6 40. Nxd5 Rxb7 41. Rxb7 Nxb7 42. Ne7+ Kh7 43. Nxg6 Nd6 44. Ne5 f6 45.
Nd7 Nxd7 46. Bh3 Ne5 {Game drawn by mutual agreement} 1/2-1/2

[Event "ICC Open 2015"]
[Site "Internet Chess Club"]
[Date "2015.05.30"]
[Round "5"]
[White "BigCol"]
[Black "putki"]
[Result "0-1"]
[ICCResult "White checkmated"]
[WhiteElo "1717"]
[BlackElo "1329"]
[Opening "Queen's pawn game"]
[ECO "D02"]
[NIC "QP.08"]
[Time "14:50:09"]
[TimeControl "180+0"]

1. d4 d5 2. Nf3 Bf5 3. Bf4 Nc6 4. c3 Nf6 5. e3 e6 6. h3 Bd6 7. Ne5 O-O 8.
Bd3 Bxd3 9. Qxd3 Ne4 10. Nd2 Nxd2 11. Qxd2 Ne7 12. Bg3 f6 13. Nd3 Bxg3 14.
fxg3 Nc6 15. O-O-O e5 16. Rdf1 e4 17. Nf4 Ne7 18. Ne6 Qd7 19. Nxf8 Rxf8 20.
Rf2 Qb5 21. Rhf1 Nc6 22. g4 Na5 23. Qe2 Qb6 24. g5 Nc4 25. gxf6 g6 26. f7+
Kg7 27. b3 Na3 28. Qg4 a5 29. Qf4 Qb5 30. Qe5+ Kh6 31. g4 Qd3 32. Qf4+ Kg7
33. Qf6+ Kh6 34. Qf4+ Kg7 35. h4 Qxc3+ 36. Kd1 Qa1+ 37. Ke2 Qxa2+ 38. Ke1
Nc2+ 39. Kd2 Nxd4+ 40. Kc3 Nb5# {White checkmated} 0-1

[Event "ICC Open 2015"]
[Site "Internet Chess Club"]
[Date "2015.05.30"]
[Round "5"]
[White "Cristhian-ator"]
[Black "PJJVenegas"]
[Result "1-0"]
[ICCResult "Black resigns"]
[WhiteElo "2531"]
[BlackElo "2318"]
[Opening "English: Nimzo-English opening"]
[ECO "A05"]
[NIC "EO.59"]
[Time "14:50:17"]
[TimeControl "180+0"]

1. Nf3 Nf6 2. c4 e6 3. Nc3 Bb4 4. Qb3 c5 5. a3 Bxc3 6. Qxc3 O-O 7. g3 Ne4 8.
Qc2 d5 9. d3 Nf6 10. cxd5 Qxd5 11. Bg2 Nbd7 12. O-O Qd6 13. b4 cxb4 14. axb4
Qxb4 15. Ba3 Qg4 16. Bxf8 Nxf8 17. Rfb1 a5 18. Ne5 Qd4 19. Nc4 Qc5 20. Qb2
a4 21. Nb6 Ra5 22. Rc1 Rb5 23. Rxc5 Rxb2 24. Nxc8 Rxe2 25. Ne7+ Kh8 26. Rc8
Nd7 27. Bxb7 g6 28. Bc6 Kg7 29. Rxa4 Ne5 30. Be4 Nfd7 31. Ra7 Kf6 32. Ng8+
Kg7 33. Ne7 Kf6 34. Nc6 Nxc6 35. Rxc6 Ne5 36. Rcc7 g5 37. f4 gxf4 38. gxf4
{Black resigns}
1-0

[Event "ICC Open 2015"]
[Site "Internet Chess Club"]
[Date "2015.05.30"]
[Round "5"]
[White "UzbekTiger"]
[Black "Radja"]
[Result "1-0"]
[ICCResult "Black checkmated"]
[WhiteElo "2775"]
[BlackElo "2426"]
[Opening "English: symmetrical, Benoni formation"]
[ECO "A31"]
[NIC "EO.46"]
[Time "14:48:56"]
[TimeControl "180+0"]

1. d4 Nf6 2. c4 c5 3. Nf3 cxd4 4. Nxd4 e5 5. Nb5 d5 6. cxd5 Bc5 7. N5c3 O-O
8. g3 Qb6 9. e3 Bg4 10. Be2 Bh3 11. Bf1 Bg4 12. Be2 Bh3 13. Rg1 Bf5 14. Nd2
Rd8 15. g4 Bg6 16. Nc4 Qc7 17. g5 Ne4 18. Bd2 a6 19. Rc1 b5 20. Nxe4 Bxe4
21. Ba5 Qd7 22. Nxe5 Qh3 23. Rxc5 Qxh2 24. Rf1 Qxe5 25. Bxd8 Nd7 26. Bc7
Qxb2 27. Rc1 Rc8 28. Qd2 Qa3 29. f3 Bxd5 30. Kf2 Be6 31. Bd6 Qa4 32. Rxc8+
Nf8 33. Rxf8# {Black checkmated} 1-0

[Event "ICC Open 2015"]
[Site "Internet Chess Club"]
[Date "2015.05.30"]
[Round "5"]
[White "romeomelgosa"]
[Black "VictorRed"]
[Result "0-1"]
[ICCResult "White forfeits on time"]
[WhiteElo "2146"]
[BlackElo "1819"]
[Opening "French: Albin-Alekhine-Châtard attack"]
[ECO "C13"]
[NIC "FR.06"]
[Time "14:48:10"]
[TimeControl "180+0"]

1. e4 e6 2. d4 d5 3. Nc3 Nf6 4. Bg5 Be7 5. e5 Nfd7 6. h4 Bxg5 7. hxg5 Qxg5
8. Qd3 h6 9. Nh3 Qe7 10. Nf4 Nc6 11. Nh5 g6 12. Nf4 Nb4 13. Qd2 Nb6 14. a3
Nc6 15. O-O-O a6 16. Qe3 Bd7 17. Nd3 Nc4 18. Rxh6 Rxh6 19. Qxh6 O-O-O 20.
Nc5 Nb6 21. Qf4 g5 22. Qg4 Rh8 23. Be2 Rh4 24. Qg3 Nxd4 25. f4 Rxf4 26. Nxd7
Nxd7 27. Rh1 Kb8 28. Qe3 Nxe2+ 29. Nxe2 Re4 30. Rh8+ Nf8 31. Qd3 Ka7
{White forfeits on time}
0-1

[Event "ICC Open 2015"]
[Site "Internet Chess Club"]
[Date "2015.05.30"]
[Round "5"]
[White "Chisel"]
[Black "NFork"]
[Result "1-0"]
[ICCResult "Black resigns"]
[WhiteElo "1815"]
[BlackElo "2130"]
[Opening "Caro-Kann: Rasa-Studier gambit"]
[ECO "B15"]
[NIC "CK.05"]
[Time "14:49:49"]
[TimeControl "180+0"]

1. e4 c6 2. Nc3 d5 3. d4 dxe4 4. f3 exf3 5. Nxf3 Bg4 6. Bc4 e6 7. Be3 Nf6 8.
O-O Nd5 9. Bd2 Be7 10. Qe1 Nb6 11. Bb3 Bxf3 12. Rxf3 Qxd4+ 13. Be3 Qb4 14.
Qg3 O-O 15. Raf1 N8d7 16. Rf4 Qa5 17. Ne4 Nd5 18. Rg4 g6 19. Bh6 Rfe8 20. h4
Bf8 21. Bxf8 Kxf8 22. Ng5 Ne5 23. Qxe5 {Black resigns} 1-0

[Event "ICC Open 2015"]
[Site "Internet Chess Club"]
[Date "2015.05.30"]
[Round "5"]
[White "geom"]
[Black "JArookie"]
[Result "0-1"]
[ICCResult "White forfeits on time"]
[WhiteElo "1723"]
[BlackElo "1950"]
[Opening "KGA: bishop's gambit, Maurian defense"]
[ECO "C23"]
[NIC "IG.04"]
[Time "14:48:31"]
[TimeControl "180+0"]

1. e4 e5 2. Bc4 Nc6 3. f4 exf4 4. Nf3 d6 5. d4 g5 6. O-O Bg7 7. h4 h6 8. Nc3
Bg4 9. Nxg5 Qxg5 10. hxg5 Bxd1 11. Rxd1 Bxd4+ 12. Kf1 hxg5 13. Ke2 Ne5 14.
Bd5 Bxc3 15. bxc3 O-O-O 16. Ba3 Rh2 17. Kf2 Nf6 18. Rh1 Rdh8 19. Rxh2 Rxh2
20. Rg1 g4 21. Ke1 Nxd5 22. exd5 f3 23. Kf2 Nc4 24. Bc1 Nb6 25. Kg3 Rxg2+
26. Rxg2 fxg2 27. Kxg2 Nxd5 28. Kg3 Nxc3 29. a3 Ne2+ 30. Kxg4 Nxc1 31. Kf5
Ne2 32. Kf6 Nd4 33. c4 Kd7 34. Kxf7 c6 35. Kf6 d5 36. cxd5 cxd5 37. Ke5 Nb5
38. Kxd5 Nxa3 39. Kc5 Kc7 {White forfeits on time} 0-1

[Event "ICC Open 2015"]
[Site "Internet Chess Club"]
[Date "2015.05.30"]
[Round "5"]
[White "Doondoon"]
[Black "hubbard"]
[Result "1-0"]
[ICCResult "Black resigns"]
[WhiteElo "1786"]
[BlackElo "1383"]
[Opening "Budapest defense declined"]
[ECO "A51"]
[NIC "QG.01"]
[Time "14:49:06"]
[TimeControl "180+0"]

1. d4 Nf6 2. c4 e5 3. d5 Bc5 4. Nc3 O-O 5. h3 a5 6. e4 d6 7. Nf3 Ne8 8. Bd3
f5 9. Qe2 fxe4 10. Nxe4 Bb6 11. Be3 Bxe3 12. Qxe3 Nd7 13. O-O Ndf6 14. Rac1
Nxe4 15. Bxe4 Nf6 16. Bc2 Qe7 17. Nd2 Bd7 18. Ne4 Nxe4 19. Bxe4 Bf5 20. f3
Bxe4 21. fxe4 Rxf1+ 22. Rxf1 Rf8 23. Re1 Rf4 24. Qa7 b6 25. Qa8+ Rf8 26. Qc6
Qf6 27. Rd1 Qf2+ 28. Kh1 Qf7 29. Qa4 h6 30. Qc2 Qf2 31. Qc1 Qg3 32. Rf1 Rf2
33. Rxf2 Qxf2 34. a3 Qd4 35. Qc2 Kh7 36. Kh2 h5 37. b4 axb4 38. axb4 h4 39.
Kh1 Qf2 40. Qxf2 {Black resigns} 1-0

[Event "ICC Open 2015"]
[Site "Internet Chess Club"]
[Date "2015.05.30"]
[Round "5"]
[White "gbray"]
[Black "Rinazina46"]
[Result "0-1"]
[ICCResult "White checkmated"]
[WhiteElo "2197"]
[BlackElo "1896"]
[Opening "Sicilian: Anderssen variation"]
[ECO "B41"]
[NIC "SI.41"]
[Time "14:49:41"]
[TimeControl "180+0"]

1. e4 c5 2. Nf3 e6 3. d4 cxd4 4. Nxd4 Nf6 5. Nc3 Nc6 6. Nxc6 bxc6 7. Bd3 d5
8. O-O Be7 9. f4 O-O 10. e5 Nd7 11. Ne2 Nc5 12. Kh1 Nxd3 13. cxd3 f5 14. Be3
c5 15. Qc2 d4 16. Bf2 Bb7 17. b4 Qd5 18. Rg1 g5 19. bxc5 Bxc5 20. Rab1 Bb6
21. fxg5 f4 22. Rxb6 axb6 23. Nxd4 f3 24. g3 Rxa2 25. Qc7 Rxf2 26. h4 Rd2
27. g6 f2+ 28. Kh2 fxg1=Q+ 29. Kh3 Rh2+ 30. Kg4 hxg6 31. Kg5 Qxg3+ 32. Kh6
Rxh4# {White checkmated} 0-1

[Event "ICC Open 2015"]
[Site "Internet Chess Club"]
[Date "2015.05.30"]
[Round "5"]
[White "Palenque"]
[Black "UAE2002"]
[Result "0-1"]
[ICCResult "White forfeits on time"]
[WhiteElo "1714"]
[BlackElo "2125"]
[Opening "Sicilian: closed, 6.Be3"]
[ECO "B26"]
[NIC "SI.45"]
[Time "14:48:42"]
[TimeControl "180+0"]

1. g3 c5 2. Bg2 Nc6 3. e4 d6 4. Nc3 g6 5. d3 Bg7 6. Be3 e5 7. Qd2 h5 8. h3
Nge7 9. O-O-O Be6 10. Nge2 b5 11. Nd5 b4 12. Kb1 Bxd5 13. exd5 Nd4 14. Bxd4
exd4 15. g4 h4 16. f4 O-O 17. f5 gxf5 18. Qg5 Ng6 19. Qxf5 Re8 20. Be4 Re5
21. Qf2 Qg5 22. Rdf1 Rf8 23. Nf4 Nxf4 24. Qxf4 Bh6 25. Qxg5+ Bxg5 26. Rf5
Rxf5 27. Bxf5 Re8 28. Be4 f6 29. Rd1 Kg7 30. c3 bxc3 31. bxc3 Rb8+ 32. Kc2
Be3 33. c4 Kh6 34. Rf1 Bg5 35. Rb1 Rxb1 36. Kxb1 Be3 37. Kc2 Kg5 38. Kd1 Kf4
39. Ke2 Kg3 40. Bf5 Bg5 41. Be4 Kxh3 42. Kf3 Kh2 {White forfeits on time}
0-1

[Event "ICC Open 2015"]
[Site "Internet Chess Club"]
[Date "2015.05.30"]
[Round "5"]
[White "Govindan"]
[Black "centrepawn"]
[Result "1-0"]
[ICCResult "Black forfeits on time"]
[WhiteElo "1537"]
[BlackElo "1264"]
[Opening "Giuoco Piano"]
[ECO "C50"]
[NIC "IG.02"]
[Time "14:48:11"]
[TimeControl "180+0"]

1. e4 e5 2. Nf3 Nc6 3. Bc4 Bc5 4. O-O Nf6 5. d3 O-O 6. c3 d6 7. Nbd2 Be6 8.
Bb3 Ng4 9. h3 Nf6 10. Bc2 Bb6 11. Nb3 d5 12. exd5 Bxd5 13. Bg5 h6 14. Bh4
Qd6 15. c4 Be6 16. Re1 g5 17. Bg3 Nh5 18. Bxe5 Nxe5 19. Nxe5 Nf4 20. d4 Bxh3
21. gxh3 Nxh3+ 22. Kg2 Nf4+ 23. Kf1 Qe6 24. Qf3 Qxc4+ 25. Bd3 Nxd3 26. Qxd3
Qe6 27. Nd2 Qd6 28. Ndf3 {Black forfeits on time} 1-0

[Event "ICC Open 2015"]
[Site "Internet Chess Club"]
[Date "2015.05.30"]
[Round "5"]
[White "zelog"]
[Black "ALexiz"]
[Result "1-0"]
[ICCResult "Black forfeits on time"]
[WhiteElo "2073"]
[BlackElo "1803"]
[Opening "English opening"]
[ECO "A20"]
[NIC "EO.24"]
[Time "14:48:31"]
[TimeControl "180+0"]

1. c4 e5 2. g3 Nc6 3. Bg2 f5 4. Nc3 Nf6 5. d3 Bb4 6. Bd2 Bxc3 7. Bxc3 d6 8.
Nf3 O-O 9. O-O Qe8 10. e3 Qh5 11. Nd2 Qxd1 12. Raxd1 Be6 13. b4 Rae8 14. b5
Nd8 15. a4 b6 16. a5 Kh8 17. axb6 axb6 18. Ra1 Nf7 19. Ra7 Rc8 20. Rfa1 d5
21. cxd5 Nxd5 22. Bb2 Rfd8 23. Nc4 e4 24. dxe4 Nb4 25. Ne5 Nd3 26. Nxf7+
Bxf7 27. Bd4 fxe4 28. Bxe4 Bg6 29. Bc6 Nb4 30. Bb7 Rb8 31. Bf3 Nc2 32. Rd1
Nxd4 33. Rxd4 Rxd4 34. exd4 Be8 35. Bc6 Bxc6 36. bxc6 Rc8 37. d5 Kg8 38. Kg2
Kf8 39. Kf3 Ke7 40. Ke4 Kd6 41. Kd4 Rf8 42. f4 Re8 43. Ra2 Re1 44. Rd2 b5
45. Rd3 g6 46. h3 h5 47. h4 Re2 48. Rd1 Rg2 49. Rd3 Rb2 50. Re3 Rb4+ 51. Kc3
Rc4+ 52. Kb3 Kxd5 53. Re5+ Kxc6 54. Re6+ Kc5 55. Rxg6 Re4 56. Rg5+ Kb6 57.
f5 c5 58. f6 {Black forfeits on time} 1-0

[Event "ICC Open 2015"]
[Site "Internet Chess Club"]
[Date "2015.05.30"]
[Round "5"]
[White "catman"]
[Black "Hobaica"]
[Result "0-1"]
[ICCResult "White resigns"]
[WhiteElo "1627"]
[BlackElo "2260"]
[Opening "Benoni defense"]
[ECO "A56"]
[NIC "BI.38"]
[Time "14:48:52"]
[TimeControl "180+0"]

1. d4 Nf6 2. c4 c5 3. d5 g6 4. Nc3 Bg7 5. e4 O-O 6. Be3 d6 7. f3 e6 8. Qd2
exd5 9. cxd5 a6 10. a4 Qa5 11. Ra3 Nbd7 12. Nh3 Ne5 13. Nf2 Qb4 14. h3 Nh5
15. f4 Nc4 16. Bxc4 Qxc4 17. Qd3 Qxd3 18. Nxd3 Ng3 19. Rg1 Bxc3+ 20. bxc3
Nxe4 21. Nf2 Ng3 22. Kd2 Bd7 23. a5 Bb5 24. Nd3 Ne4+ 25. Kc2 Nf6 26. Nf2
Nxd5 27. Bc1 Rfe8 28. Rd1 Re2+ 29. Rd2 Nxf4 30. Rxe2 Nxe2 31. Kd2 Nxc1 32.
Kxc1 Re8 33. Ng4 Kg7 34. Ra2 Re1+ 35. Kb2 f5 36. Nf2 Bc4 {White resigns} 0-1

[Event "ICC Open 2015"]
[Site "Internet Chess Club"]
[Date "2015.05.30"]
[Round "5"]
[White "sonovkong"]
[Black "Ramanip15"]
[Result "0-1"]
[ICCResult "White forfeits on time"]
[WhiteElo "1575"]
[BlackElo "1823"]
[Opening "Sicilian: closed"]
[ECO "B24"]
[NIC "SI.44"]
[Time "14:48:16"]
[TimeControl "180+0"]

1. e4 c5 2. Nc3 Nc6 3. g3 g6 4. Bg2 Bg7 5. Nge2 d6 6. h3 e5 7. O-O Be6 8. d3
Nge7 9. Be3 O-O 10. Qd2 Nd4 11. f4 Rb8 12. Rac1 b5 13. g4 f5 14. exf5 gxf5
15. fxe5 dxe5 16. gxf5 Nexf5 17. Bg5 Qd7 18. Kh2 h6 19. Be3 Kh8 20. Ne4 Qc7
21. b3 Nxe3 22. Qxe3 Bd5 23. N2g3 Rf4 24. Nh5 Rh4 25. Nxg7 Qxg7 26. Qg3 Rg8
27. Qxg7+ Rxg7 28. Rf8+ Kh7 29. Rcf1 Ne2 30. R8f7 Rf4 31. R7xf4 Nxf4 32. Bf3
c4 33. bxc4 bxc4 34. Rg1 Rxg1 35. Kxg1 cxd3 36. cxd3 Nxd3 37. Kg2 Bxa2 38.
Nf6+ Kg6 39. Ne8 Nf4+ 40. Kg3 Kf7 41. Nd6+ Ke6 42. Ne4 Bd5 43. Nc5+ Kd6 44.
Ne4+ Bxe4 45. Bxe4 a5 46. h4 a4 47. Bb1 a3 48. Kf3 Kc5 49. Ke4 Kd6 50. Ba2
Ng2 {White forfeits on time} 0-1

[Event "ICC Open 2015"]
[Site "Internet Chess Club"]
[Date "2015.05.30"]
[Round "5"]
[White "Meditator"]
[Black "rovov"]
[Result "1-0"]
[ICCResult "Black forfeits on time"]
[WhiteElo "2263"]
[BlackElo "1594"]
[Opening "French: Tarrasch, open variation"]
[ECO "C07"]
[NIC "FR.19"]
[Time "14:48:28"]
[TimeControl "180+0"]

1. e4 e6 2. d4 d5 3. Nd2 c5 4. exd5 Qxd5 5. Ngf3 cxd4 6. Bc4 Qd6 7. O-O Nf6
8. Nb3 Nc6 9. Nbxd4 Nxd4 10. Nxd4 a6 11. c3 Qc7 12. Qe2 Bd6 13. h3 O-O 14.
Bg5 Be7 15. Rfe1 Re8 16. Bd3 h6 17. Bh4 Nd5 18. Bg3 Bd6 19. Qe4 Nf6 20. Bxd6
Qxd6 21. Qf3 Rb8 22. Rad1 b5 23. Nc6 Qc7 24. Nxb8 Qxb8 25. Qe3 Bb7 26. Qe5
Qxe5 27. Rxe5 Kf8 28. a4 bxa4 29. Ra5 Rd8 30. Bc2 Rxd1+ 31. Bxd1 Nd5 32.
Bxa4 Ke7 33. Bc2 Kd6 34. Be4 f5 35. Bf3 Kc7 36. c4 Nf6 37. Bxb7 Kxb7 38. b4
Ne4 39. Re5 Nd2 40. c5 Nc4 41. Rxe6 a5 42. b5 a4 43. Re7+ Kb8 44. b6 a3 45.
Ra7 g5 46. Kf1 Nd2+ 47. Ke2 Ne4 48. Rxa3 Nxc5 49. Ra5 Nd7 50. Rxf5 Nxb6 51.
Rf8+ Kc7 52. Rf7+ Kc6 53. Rh7 Nd5 54. Rxh6+ Kc5 55. Rh5 Nf4+ 56. Kf3 Nxh5
57. Kg4 Kd5 58. Kxh5 Ke5 59. Kxg5 Ke6 60. h4 Kf7 61. h5 Kg7 62. h6+ Kh7 63.
Kh5 {Black forfeits on time} 1-0

[Event "ICC Open 2015"]
[Site "Internet Chess Club"]
[Date "2015.05.30"]
[Round "5"]
[White "Schack"]
[Black "Knight83"]
[Result "1-0"]
[ICCResult "Black checkmated"]
[WhiteElo "1638"]
[BlackElo "1245"]
[Opening "QGD semi-Slav: 5...Nd7"]
[ECO "D45"]
[NIC "SL.08"]
[Time "14:48:31"]
[TimeControl "180+0"]

1. d4 d5 2. c4 c6 3. Nc3 Nf6 4. Nf3 e6 5. e3 Nbd7 6. b3 Be7 7. Bb2 O-O 8.
Qc2 a6 9. Bd3 dxc4 10. bxc4 c5 11. O-O cxd4 12. exd4 Qc7 13. h3 Nb6 14. Ne2
Bd7 15. Rac1 Ba4 16. Qd2 a5 17. Ne5 Rfc8 18. d5 exd5 19. cxd5 Bb4 20. Qf4
Qd6 21. Qg5 h6 22. Qh4 Nbxd5 23. a3 Bc5 24. Nc4 Qe7 25. Bf5 Rc7 26. Nc3 Nxc3
27. Bxc3 Bxa3 28. Nxa3 Qxa3 29. Bd2 Rxc1 30. Rxc1 Rd8 31. Bxh6 gxh6 32. Qxh6
Rd6 33. Qg5+ Kf8 34. Rc8+ Ke7 35. Qh6 Nd5 36. Qf8+ Kf6 37. Bg4 Qa1+ 38. Kh2
Qe5+ 39. g3 Qe1 40. Qh6+ Ke7 41. Qg5+ f6 42. Qg7# {Black checkmated} 1-0

[Event "ICC Open 2015"]
[Site "Internet Chess Club"]
[Date "2015.05.30"]
[Round "5"]
[White "Agenda"]
[Black "spanner63"]
[Result "0-1"]
[ICCResult "White forfeits on time"]
[WhiteElo "1235"]
[BlackElo "1655"]
[Opening "Torre attack (Tartakower variation)"]
[ECO "D03"]
[NIC "QP.08"]
[Time "14:49:48"]
[TimeControl "180+0"]

1. d4 d5 2. Nf3 Nf6 3. Bg5 e6 4. e3 c5 5. c3 Nc6 6. Bd3 Be7 7. Nbd2 O-O 8.
Qc2 h6 9. Bf4 b6 10. Ne5 Bb7 11. Ndf3 Rc8 12. O-O cxd4 13. exd4 Nb4 14. Qb1
Nxd3 15. Qxd3 Ne4 16. Ng4 a6 17. Rfe1 b5 18. a3 Qb6 19. Be3 a5 20. Bxh6 gxh6
21. Nxh6+ Kh7 22. Qe3 Qc7 23. Ne5 f6 24. Neg4 Bd6 25. Qh3 Kg7 26. f3 Rh8 27.
fxe4 dxe4 28. Qh5 Qe7 29. Rf1 f5 30. Nxf5+ exf5 31. Qxf5 Rcf8 32. Qxf8+ Rxf8
33. Rxf8 Qxf8 {White forfeits on time} 0-1

[Event "ICC Open 2015"]
[Site "Internet Chess Club"]
[Date "2015.05.30"]
[Round "5"]
[White "DanielDelPaso"]
[Black "Ricardov"]
[Result "1-0"]
[ICCResult "Black resigns"]
[WhiteElo "2702"]
[BlackElo "2320"]
[Opening "Benoni defense"]
[ECO "A60"]
[NIC "BI.38"]
[Time "14:49:18"]
[TimeControl "180+0"]

1. d4 Nf6 2. c4 c5 3. d5 e6 4. g3 exd5 5. cxd5 b5 6. e4 d6 7. Bxb5+ Bd7 8.
Bd3 Be7 9. Nf3 O-O 10. O-O Bh3 11. Re1 Nfd7 12. Bf1 Bxf1 13. Kxf1 Bf6 14.
Nc3 Na6 15. Bf4 Nb6 16. Kg2 c4 17. Rc1 Nc5 18. Rc2 Nd3 19. Re3 Rb8 20. Ne1
Nxf4+ 21. gxf4 Re8 22. Nf3 Qd7 23. h3 Na4 24. e5 Nxb2 25. Rxb2 Rxb2 26. Re4
dxe5 27. fxe5 Bd8 28. Rxc4 Bb6 29. Ne4 Qf5 30. d6 Rxe5 31. Nxe5 Bxf2 32. d7
Bd4+ 33. Nd2 Qg5+ 34. Kh1 {Black resigns} 1-0

[Event "ICC Open 2015"]
[Site "Internet Chess Club"]
[Date "2015.05.30"]
[Round "5"]
[White "bythebook"]
[Black "QuieroAprender"]
[Result "1-0"]
[ICCResult "Black forfeits on time"]
[WhiteElo "1637"]
[BlackElo "1365"]
[Opening "Alekhine's defense: Sämisch attack"]
[ECO "B02"]
[NIC "AL.10"]
[Time "14:48:23"]
[TimeControl "180+0"]

1. e4 Nf6 2. e5 Nd5 3. Nc3 e6 4. Nf3 d6 5. exd6 Nxc3 6. bxc3 Qxd6 7. d4 Nc6
8. Bd3 g6 9. Bg5 Bg7 10. Qd2 O-O 11. O-O f6 12. Bf4 e5 13. Bg3 Bg4 14. Be4
Bxf3 15. Bxf3 f5 16. Bxc6 bxc6 17. f3 f4 18. Bf2 Rfd8 19. Rfd1 c5 20. d5 c6
21. c4 Rab8 22. Rab1 Rb6 23. Rb3 g5 24. Qa5 Rxb3 25. cxb3 Rd7 26. Qxc5 Qxc5
27. Bxc5 cxd5 28. Rxd5 Rxd5 29. cxd5 Kf7 30. Bxa7 Ke7 31. Bc5+ Kd7 32. b4
Bf6 33. a4 Bd8 34. a5 Bc7 35. Kf1 Bd6 36. Ke2 h5 37. h3 g4 38. hxg4 hxg4 39.
Kd3 gxf3 40. gxf3 Bb8 41. Ke4 Kc8 42. b5 Kb7 43. a6+ Ka8 44. b6 Bd6 45. b7+
Kb8 46. Bxd6+ Ka7 47. b8=Q+ Kxa6 48. Qb4 Ka7 49. Bc7 {Black forfeits on
time} 1-0

[Event "ICC Open 2015"]
[Site "Internet Chess Club"]
[Date "2015.05.30"]
[Round "5"]
[White "Volkov"]
[Black "olimpus"]
[Result "0-1"]
[ICCResult "White forfeits on time"]
[WhiteElo "2963"]
[BlackElo "2793"]
[Opening "Modern defense: Averbakh system"]
[ECO "A40"]
[NIC "KF.04"]
[Time "14:49:11"]
[TimeControl "180+0"]

1. d4 g6 2. c4 Bg7 3. e4 d6 4. Nc3 e5 5. dxe5 Bxe5 6. Nf3 Bg7 7. Bg5 Qd7 8.
Be2 Nc6 9. O-O h6 10. Bh4 Nge7 11. Qd2 g5 12. Bg3 f5 13. exf5 Nxf5 14. Nd5
O-O 15. Rad1 Qf7 16. Bd3 Be6 17. Bxf5 Bxf5 18. b4 Be4 19. b5 Bxf3 20. bxc6
Bxd1 21. cxb7 Rab8 22. Qxd1 Rxb7 23. Qa4 Bd4 24. Qc6 Bxf2+ 25. Kh1 Bxg3 26.
Rg1 Bf2 27. Qxb7 Bxg1 28. Nxc7 Bb6 29. h3 Qf1+ 30. Kh2 Bg1+ 31. Kh1 Bf2+
{White forfeits on time}
0-1

[Event "ICC Open 2015"]
[Site "Internet Chess Club"]
[Date "2015.05.30"]
[Round "5"]
[White "Bundestrainer"]
[Black "Sjelan"]
[Result "0-1"]
[ICCResult "White forfeits on time"]
[WhiteElo "1840"]
[BlackElo "2212"]
[Opening "Benko's opening"]
[ECO "A00"]
[NIC "VO.09"]
[Time "14:48:43"]
[TimeControl "180+0"]

1. g3 c5 2. Bg2 Nf6 3. c4 e6 4. Nc3 Nc6 5. Nf3 Be7 6. O-O O-O 7. b3 d5 8. e3
d4 9. exd4 cxd4 10. Ne2 e5 11. d3 Bg4 12. h3 Bh5 13. g4 Bg6 14. Nh4 Re8 15.
Nxg6 hxg6 16. Ng3 Bb4 17. Bd2 a5 18. a3 Bxd2 19. Qxd2 Qb6 20. Rab1 Nd7 21.
b4 axb4 22. axb4 Ra3 23. b5 Na5 24. Ra1 Nb3 25. Qb2 Rxa1 26. Rxa1 Nxa1 27.
Qxa1 Nc5 28. Qa3 Qc7 29. Bd5 b6 30. Ne4 Nxe4 31. Bxe4 Re7 32. Qb4 Qa7 33.
Kg2 Kh7 34. Qd6 Qc7 35. Qb4 Qc5 36. Qa4 Re6 37. Bd5 Rf6 38. Qa8 e4 39. Bxe4
Qe5 40. Qd5 Qxd5 41. Bxd5 Kg8 42. Kg3 Kf8 43. f4 Ke7 44. Kf3 g5 45. f5 Rh6
46. Ke4 Rxh3 47. Kxd4 Rg3 48. c5 Rxg4+ 49. Be4 bxc5+ 50. Kxc5 Rg1 51. b6
Rc1+ 52. Kd5 Rb1 53. Kc6 Rb4 {White forfeits on time} 0-1

[Event "ICC Open 2015"]
[Site "Internet Chess Club"]
[Date "2015.05.30"]
[Round "5"]
[White "blackending"]
[Black "krankenstein"]
[Result "1-0"]
[ICCResult "Black forfeits on time"]
[WhiteElo "1708"]
[BlackElo "1091"]
[Opening "Philidor: exchange variation"]
[ECO "C41"]
[NIC "KP.08"]
[Time "14:48:28"]
[TimeControl "180+0"]

1. e4 e5 2. Nf3 d6 3. d4 exd4 4. Nxd4 c5 5. Nb3 a6 6. a4 Nc6 7. Nc3 Nf6 8.
Bg5 Be7 9. Be2 Bd7 10. O-O h6 11. Be3 O-O 12. Kh1 Qc8 13. f4 Ng4 14. Bg1 Nd4
15. Nxd4 cxd4 16. Nd5 Bd8 17. Qxd4 Nf6 18. Nxf6+ Bxf6 19. e5 dxe5 20. fxe5
Be7 21. Rad1 Be6 22. a5 Rd8 23. Qf4 Qxc2 24. Bf3 Qxb2 25. Bb6 Rxd1 26. Rxd1
Bb3 27. Rf1 Re8 28. Bxb7 Bg5 29. Qg3 Rxe5 30. Bxa6 Re4 31. Bd3 Bh4 32. Qb8+
Kh7 33. Bxe4+ g6 34. Qc7 Qe2 35. Rxf7+ Bxf7 36. Qxf7+ Kh8 37. Bd4+
{Black forfeits on time}
1-0

[Event "ICC Open 2015"]
[Site "Internet Chess Club"]
[Date "2015.05.30"]
[Round "5"]
[White "JustKid"]
[Black "la8pv"]
[Result "1-0"]
[ICCResult "Black forfeits on time"]
[WhiteElo "2134"]
[BlackElo "1826"]
[Opening "Benko's opening"]
[ECO "A00"]
[NIC "TD.02"]
[Time "14:48:22"]
[TimeControl "180+0"]

1. g3 Nf6 2. Bg2 c5 3. Nf3 d5 4. d4 Nc6 5. O-O e6 6. c4 Be7 7. Nc3 O-O 8.
cxd5 Nxd5 9. e4 Nb6 10. d5 exd5 11. exd5 Nb4 12. Ne1 Bf6 13. a3 Bxc3 14.
axb4 Bxb4 15. Bf4 Re8 16. Nc2 Bf5 17. Nxb4 cxb4 18. Qd4 b3 19. d6 Qd7 20.
Rfc1 Bc2 21. Bf3 Rec8 22. h3 Bf5 23. Rxc8+ Rxc8 24. Rxa7 Bxh3 25. Rxb7 Qa4
26. Rxb6 Qxd4 27. Rxb3 Qf6 28. Kh2 Rd8 29. Kxh3 Qe6+ 30. g4 Qxb3 31. Kg3 g5
32. Be5 Rxd6 33. Bxd6 Qd5 34. Bxd5 Kg7 35. Be5+ f6 36. Bd4 Kg6 37. Be4+ Kg7
38. Bf5 {Black forfeits on time} 1-0